 Dungeon Crawl Stone Soup version 0.17.1-1-g73c8601 (webtiles) character file.

5 Implojin the Insei (level 1, -5/11 HPs)
             Began as a Vine Stalker Monk on Apr 8, 2016.
             Slain by a worm (11 damage)
             ... on level 2 of the Dungeon.
             The game lasted 00:01:30 (308 turns).

Implojin the Insei (Vine Stalker Monk)               Turns: 308, Time: 00:01:30

Health: -5/11      AC:  2    Str: 13    XL:     1   Next: 80%
Magic:  0/2        EV: 13    Int: 10    God:
Gold:   0          SH:  0    Dex: 16    Spells: 0 memorised, 0 levels left

rFire  . . .     SeeInvis .       - Unarmed
rCold  . . .     Clarity  .     a - +0 robe
rNeg   . . .     SustAt   .     (no shield)
rPois  .         Gourm    .     (no helmet)
rElec  .         Spirit   +     (no cloak)
rCorr  .         Warding  .     (no gloves)
rMut   .         Stasis   .     (no boots)
MR     .....                    (no amulet)
Stlth  ++........               (no ring)
                                (no ring)

@: not resistant to hostile enchantments, unstealthy
A: fangs 2, regeneration 1, magic shield, antimagic bite, no device heal 3, rot
immunity
a: no special abilities


You were on level 2 of the Dungeon.
You were not hungry.

You visited 1 branch of the dungeon, and saw 2 of its levels.

Inventory:

Armour
 a - a +0 robe (worn)
 c - a cursed -2 chain mail
Jewellery
 e - an uncursed ring of ice
Potions
 d - a potion of ambrosia {unknown}
 f - a potion of agility {unknown}
Comestibles
 b - a bread ration


   Skills:
 - Level 2.6 Fighting
 - Level 2.4 Dodging
 - Level 2.4 Stealth
 * Level 4.3 Unarmed Combat


You couldn't memorise any spells.
You didn't know any spells.

Dungeon Overview and Level Annotations

Branches:
Dungeon (2/15)

Altars:


Innate Abilities, Weirdness & Mutations

You have extremely sharp teeth.
Your natural rate of healing is unusually fast.
When hurt, damage is shared between your health and your magic reserves.
Your bite disrupts and absorbs the magic of your enemies.
Potions and wands cannot restore your health.
You are immune to rotting.


Message History

Found 11 gold pieces.
Found an agate ring.
e - an agate ring
Found 19 arrows.
Found a dark potion.
Found a stone staircase leading down.
f - a dark potion
There is a stone staircase leading down here.
You climb downwards.
A rat and a worm come into view.
Found 2 brown potions.
Found a stone staircase leading down.
There is a stone staircase leading up here.
Put on which piece of jewellery? (? for menu, Esc to quit)
You feel more attuned to ice.
e - a ring of ice (left hand)
You remove your ring of ice.
A hobgoblin comes into view.
The hobgoblin shouts!
Found a fuming grey potion.
Found a stone staircase leading up.
You barely miss the rat. You bite the rat. You drain its power.
The rat is moderately wounded.
The rat misses you.
You barely miss the rat. You bite the rat. You drain its power.
You kill the rat!
The hobgoblin closely misses you.
You hit the hobgoblin. Your bite misses the hobgoblin.
The hobgoblin is lightly wounded.
You hit the hobgoblin.
You kill the hobgoblin!
The worm bites you!
Ouch! That really hurt!
* * * LOW HITPOINT WARNING * * *
You hit the worm but do no damage. Your bite misses the worm. You hit the worm.
You bite the worm, but do no damage.
The worm is moderately wounded.
The worm barely misses you.
You hit the worm. You bite the worm, but do no damage.
The worm is heavily wounded.
The worm bites you!
Ouch! That really hurt!
You die...

.!....
.... #..#
##..##
#....#
#<†..#
#....#
##w...#
#@....#
#...#..##
....###..#
...<..
#### #....
##..# #..
##


You could see a worm.

Vanquished Creatures
  A hobgoblin (D:2)
  2 ball pythons (D:1)
  A bat (D:1)
  2 rats
6 creatures vanquished.

Notes
Turn   | Place    | Note
--------------------------------------------------------------
     0 | D:1      | Implojin the Vine Stalker Monk began the quest for the Orb.
     0 | D:1      | Reached XP level 1. HP: 11/11 MP: 2/2
   308 | D:2      | Slain by a worm

Action                   || total
-------------------------++-------
Melee: Unarmed           ||    18

Table legend:
 A = Turns spent in this place as a percentage of turns spent in the entire game.
 B = Non-inter-level travel turns spent in this place as a percentage of non-inter-level travel turns spent in the entire game.
 C = Inter-level travel turns spent in this place as a percentage of turns spent in this place.
 D = Turns resting spent in this place as a percentage of non-inter-level travel turns spent in this place.
 E = Turns spent auto-exploring this place as a percentage of non-inter-level travel turns spent in this place.
 F = Non-inter-level travel turns spent in this place divided by the number of levels of this place that you've seen.
                   A       B       C       D       E      F
               +-------+-------+-------+-------+-------+----------------------
         Total | 100.0 | 100.0 |   0.0 |   0.0 |   0.0 | 151.5
       Dungeon | 100.0 | 100.0 |   0.0 |   0.0 |   0.0 | 151.5
               +-------+-------+-------+-------+-------+----------------------

Table legend:
 A = Kills in this place as a percentage of kills in entire the game.
 B = Kills by you in this place as a percentage of kills by you in the entire game.
 C = Kills by friends in this place as a percentage of kills by friends in the entire game.
 D = Other kills in this place as a percentage of other kills in the entire game.
 E = Experience gained in this place as a percentage of experience gained in the entire game.
 F = Experience gained in this place divided by the number of levels of this place that you have seen.
                   A       B       C       D       E      F
               +-------+-------+-------+-------+-------+----------------------
         Total | 100.0 | 100.0 |  -nan |  -nan | 100.0 |   4.0
       Dungeon | 100.0 | 100.0 |  -nan |  -nan | 100.0 |   4.0
               +-------+-------+-------+-------+-------+----------------------
